 Dungeon Crawl Stone Soup version 0.22.0 (webtiles) character file.

589 MindTheGap97 the Skirmisher (level 7, 0/48 HPs)
             Began as a Gargoyle Fighter on Aug 12, 2018.
             Was an Initiate of Gozag.
             Slain by a scorpion (2 damage)
             ... on level 5 of the Dungeon.
             The game lasted 00:13:04 (3559 turns).

MindTheGap97 the Skirmisher (Gargoyle Fighter)      Turns: 3559, Time: 00:13:05

Health: 0/48       AC: 12    Str: 21    XL:     7   Next: 38%
Magic:  7/7        EV:  7    Int:  8    God:    Gozag
Gold:   191        SH:  9    Dex: 10    Spells: 6/6 levels left

rFire    . . .     SeeInvis .   a - +0 flail
rCold    . . .     Gourm    .   c - +0 shield
rNeg     + . .     Faith    .   b - +0 scale mail
rPois    ∞         Spirit   .   (no helmet)
rElec    +         Reflect  .   (no cloak)
rCorr    .         Harm     .   h - +0 pair of gloves
MR       .....                  (no boots)
Stlth    ..........             (no amulet)
HPRegen  0.16/turn              (no ring)
MPRegen  0.10/turn              (no ring)

@: gold aura
A: negative energy resistance 1, electricity resistance, unbreathing,
petrification resistance, rot immunity, AC +4
a: Potion Petition, Call Merchant, Bribe Branch, Renounce Religion


You were on level 5 of the Dungeon.
You worshipped Gozag.
Gozag was aware of your devotion.
You were near starving.

You visited 2 branches of the dungeon, and saw 6 of its levels.

You collected 254 gold pieces.
You paid 63 gold pieces to Gozag.

Inventory:

Hand Weapons
 a - a +0 flail (weapon)
Armour
 b - a +0 scale mail (worn)
 c - a +0 shield (worn)
 h - a +0 pair of gloves (worn)
Jewellery
 t - an uncursed ring of protection from fire {unknown}
Scrolls
 e - 2 scrolls of teleportation {unknown}
 k - 2 scrolls of fear {unknown}
 l - a scroll of random uselessness {unknown}
 m - 3 scrolls of remove curse {unknown}
 n - a scroll of noise {unknown}
 o - 2 scrolls of amnesia {unknown}
 q - a scroll of identify {unknown}
Potions
 d - a potion of might
 g - 2 potions of haste {unknown}
 i - a potion of cancellation {unknown}
 j - 2 potions of curing
 p - a potion of heal wounds {unknown}
 r - a potion of lignification {unknown}
 s - a potion of mutation {unknown}
 u - a potion of brilliance {unknown}
Comestibles
 f - 8 rations


   Skills:
 * Level 7.4 Fighting
 + Level 4.5 Maces & Flails
 - Level 3.5 Armour
 - Level 3.7 Shields


You had 6 spell levels left.
You didn't know any spells.
Your spell library was empty.

Dungeon Overview and Level Annotations

Branches:
Dungeon (5/15)             Temple (1/1) D:4

Altars:
Ashenzari
Cheibriados
Dithmenos
Elyvilon
Fedhas
Gozag
Hepliaklqana
Kikubaaqudgha
Makhleb
Nemelex Xobeh
Okawaru
Qazlal
Ru
Sif Muna
Trog
Uskayaw
Vehumet
Wu Jian
Xom
Yredelemnul
Zin


Innate Abilities, Weirdness & Mutations

You are resistant to torment.
Your stone body is resilient. (AC +4)
You are immune to poison.
You resist negative energy. (rN+)
You are resistant to electric shocks. (rElec)
You can survive without breathing.
You are immune to petrification.
You are immune to rotting.


Message History

You sock the adder zombie!
The adder zombie is severely damaged.
You block the adder zombie's attack.
You barely miss the adder zombie.
The adder zombie is severely damaged.
The adder zombie closely misses you.
You barely miss the adder zombie.
The adder zombie is severely damaged.
The adder zombie bites you but does no damage.
The scorpion completely misses you. You block the adder zombie's attack.
You hit the adder zombie.
The adder zombie is almost destroyed.
The scorpion stings you.
* * * LOW HITPOINT WARNING * * *
You block the adder zombie's attack.
You sock the adder zombie!
You destroy the adder zombie!
The scorpion stings you.
You die...
Your body crumbles into a pile of gold.

.........##....#
.........##....#
...........##..#
.........#........
#####.Z#####..####
. ##$.# #....##..
##.# #.#.....#
#)#####.....#.#
#$..$@s.###...#.
####..#....#....
#.......[.......
#.####..........
.. #.......... ...
#.........% ..
........... .
............
........##..#


You could see a scorpion.

Vanquished Creatures
  Duvessa (D:5)
  Dowan (D:5)
  A scorpion (D:5)
  A bullfrog skeleton (D:4)
  An orc priest (D:3)
  2 hounds
  2 jellies (D:3)
  2 iguanas
  A worker ant (D:4)
  8 adders
  An adder zombie (D:5)
  An adder skeleton (D:4)
  A dart slug (D:4)
  6 leopard geckos
  4 orcs (D:3)
  2 ball pythons
  2 bats (D:2)
  3 giant cockroaches
  3 goblins
  3 hobgoblins
  6 jackals (D:1)
  6 kobolds
  A quokka (D:4)
  3 frilled lizards
  A quokka skeleton (D:4)
  9 rats
72 creatures vanquished.

Notes
Turn   | Place    | Note
-------+----------+-------------------------------------------
     0 | D:1      | MindTheGap97 the Gargoyle Fighter began the quest for the Orb.
     0 | D:1      | Reached XP level 1. HP: 14/14 MP: 1/1
   138 | D:1      | Reached XP level 2. HP: 18/19 MP: 2/2
   474 | D:1      | Reached XP level 3. HP: 21/24 MP: 3/3
   915 | D:2      | Reached skill level 4 in Fighting
  1019 | D:2      | Found a burning altar of Makhleb.
  1019 | D:2      | Noticed a cacodemon
  1185 | D:2      | Reached XP level 4. HP: 30/30 MP: 4/4
  1954 | D:3      | Reached skill level 5 in Fighting
  1954 | D:3      | Reached XP level 5. HP: 20/35 MP: 5/5
  2087 | D:3      | Found a shimmering altar of Xom.
  2303 | D:3      | Reached skill level 6 in Fighting
  2303 | D:3      | Reached XP level 6. HP: 17/41 MP: 6/6
  3003 | D:4      | Found a staircase to the Ecumenical Temple.
  3102 | Temple   | Entered the Ecumenical Temple
  3228 | Temple   | Became a worshipper of Gozag Ym Sagoz the Greedy
  3461 | D:5      | Entered Level 5 of the Dungeon
  3476 | D:5      | Noticed Duvessa
  3478 | D:5      | Noticed Dowan
  3505 | D:5      | Killed Duvessa
  3505 | D:5      | Reached XP level 7. HP: 35/47 MP: 7/7
  3513 | D:5      | HP: 2/47 [Dowan/shard of ice (5)]
  3517 | D:5      | Reached skill level 7 in Fighting
  3532 | D:5      | Killed Dowan
  3537 | D:5      | HP: 2/48 [hound (2)]
  3558 | D:5      | HP: 2/48 [scorpion (4)]
  3559 | D:5      | Slain by a scorpion

Skill      XL: |  1  2  3  4  5  6  7 |
---------------+----------------------+-----
Fighting       | 4 5 6 7 |  7.4
Maces & Flails | 3 4 |  4.5
Armour         | |  3.5
Shields        | |  3.7

Action                   |  1- 3 |  4- 6 |  7- 9 || total
-------------------------+-------+-------+-------++-------
Melee: Flail             |    89 |   182 |    35 ||   306
  Use: Potion            |       |       |     1 ||     1
 Stab: Distracted        |       |       |     1 ||     1
  Eat: Chunk             |     1 |     6 |       ||     7
Armor: Scale mail        |    46 |   141 |    25 ||   212
Dodge: Dodged            |    36 |    74 |    16 ||   126
Block: Shield            |    36 |   112 |    22 ||   170
